 Dungeon Crawl Stone Soup version 0.29.0-4-gdea44cf6ec (webtiles) character file.

Game seed: 7797399875006673418

19833 qw the Severer (level 12, -8/118 HPs)
             Began as a Minotaur Berserker on Sept 5, 2022.
             Was an Elder of Trog.
             Mangled by a blink frog (9 damage)
             ... on level 4 of the Lair of Beasts.
             The game lasted 00:03:56 (13761 turns).

qw the Severer (Minotaur Berserker)                Turns: 13761, Time: 00:03:56

Health: -8/118     AC: 12    Str: 32    XL:     12   Next: 40%
Magic:  11/11      EV: 10    Int:  4    God:    Trog [****..]
Gold:   473        SH: 18    Dex: 11    Spells: 11/11 levels left

rFire   . . .      SeeInvis .   l - +5 war axe
rCold   + . .      Faith    .   t - +0 tower shield
rNeg    . . .      Spirit   .   p - +2 ring mail {rPois}
rPois   +          Reflect  +   (helmet restricted)
rElec   .          Harm     .   u - scarf {repulsion}
rCorr   .          Rampage  .   o - +0 pair of gloves
Will    .....                   f - +1 pair of boots
Stlth   +.........              v - amulet of reflection
HPRegen 0.29/turn               x - +6 ring of strength
MPRegen 0.12/turn               j - ring of protection from cold

@: about to teleport, on berserk cooldown, slowed, repel missiles, very slow
A: horns 2, retaliatory headbutt
a: Renounce Religion, Berserk, Trog's Hand, Brothers in Arms


You were on level 4 of the Lair of Beasts.
You worshipped Trog.
Trog was greatly pleased with you.
You visited 2 branches of the dungeon, and saw 12 of its levels.

You collected 720 gold pieces.
You spent 247 gold pieces at shops.


Innate Abilities, Weirdness & Mutations

You have a pair of horns on your head.
You reflexively headbutt those who attack you in melee.


   Skills:
 - Level 14.4 Fighting
 - Level 16.1 Axes
 - Level 3.2 Throwing
 - Level 7.1 Armour
 - Level 8.1 Dodging
 + Level 5.0 Shields


You had 11 spell levels left.
You didn't know any spells.
Your spell library was empty.

Inventory:

Hand Weapons
 g - a +0 flail
 l - a +5 war axe (weapon)
Armour
 d - a +0 cloak
 e - a +0 chain mail
 f - a +1 pair of boots (worn)
 o - a +0 pair of gloves (worn)
 p - a +2 ring mail of poison resistance (worn)
 q - a +2 scale mail of fire resistance
 t - a +0 tower shield (worn)
 u - a scarf of repulsion (worn)
Jewellery
 j - a ring of protection from cold (right hand)
 n - a ring of fire
 s - a ring of resist corrosion
 v - an amulet of reflection (around neck)
 x - a +6 ring of strength (left hand)
Scrolls
 b - a scroll of identify
 r - 2 scrolls of teleportation
Potions
 a - a potion of mutation
 c - a potion of resistance
 h - 2 potions of might
 i - a potion of haste
 k - 3 potions of heal wounds
 m - a potion of curing {unknown}
 w - a potion of brilliance {unknown}

Dungeon Overview and Level Annotations

Branches:
Dungeon (8/15)             Temple (0/1) D:6            Lair (4/5) D:8
 Shoals (0/4) Lair:3        Snake (0/4) Lair:2
  Slime: Lair:4-5

Altars:

Shops:
D:5 [   D:7 [

Annotations:
D:6 1 runed translucent door, Crazy Yiuf


Message History

A blink frog comes into view.
The blink frog hits you!
13759 ||| INVOKING Brothers in Arms.
You fail to use your ability.
The water moccasin barely misses you.
The blink frog blinks! x2
You block the rime drake's attack. The blink frog barely misses you.
You block the fire crab's attack.
The fire crab claws you but does no damage.
The water moccasin closely misses you. You furiously retaliate!
You headbutt the water moccasin! The blink frog hits you.
The blink frog blinks! x2
The rime drake bites you but does no damage.
You block the blink frog's attack.
The blink frog blinks!
The fire crab bites you but does no damage.
The fire crab claws you but does no damage.
The komodo dragon misses you.
The blink frog blinks!
13760 ||| INVOKING Brothers in Arms.
Your ogre goes berserk!
You block the water moccasin's attack. The blink frog closely misses you.
You furiously retaliate!
You headbutt the blink frog.
The blink frog hits you but does no damage.
The blink frog hits you. You block the rime drake's attack.
The water moccasin bites you but does no damage.
The blink frog blinks!
The fire crab bites you.
You are engulfed in flames!
The fire crab barely misses you. You block the blink frog's attack.
The komodo dragon bites you but does no damage.
The blink frog blinks!
You block the rime drake's attack.
The water moccasin bites you but does no damage.
13761 ||| READING 3 scrolls of teleportation.
As you read the scroll of teleportation, it crumbles to dust.
You feel strangely unstable. The blink frog closely misses you.
The blink frog blinks!
You block the blink frog's attack.
Your ogre hits the rime drake with a +0 giant club!!!
The rime drake dies!
Trog accepts your kill. You block the fire crab's attack.
The fire crab claws you.
You are engulfed in flames!
The komodo dragon bites you but does no damage.
The blink frog hits you but does no damage.
The blink frog blinks! x2; The blink frog hits you!
You die...

...##+#%#......# ...
#.8.#......#
#.#...#......#
##.....¤.##...
##.....F....#.. ## ##
#....F..F...##..P#..#
.........¤..S##......
...##.8.###¤tDFFF....
..##....##..F@##....
.# #.....###%.l# .l
#...>.. #.8O>#
##..... ##F..#
##...## ...## #.8.
.F..# ...## ....


You could see a seven-headed hydra, a fire crab, a komodo dragon, 7 blink frogs,
a water moccasin, a bullfrog and a friendly ogre (summoned, berserk).

Vanquished Creatures
  Fannar (Lair:3)
  A boulder beetle (Lair:3)
  A catoblepas (Lair:1)
  2 hydras
  4 death yaks (Lair:3)
  A lindwurm (Lair:2)
  5 cane toads
  8 komodo dragons
  8 blink frogs
  Grum (D:8)
  3 wyverns
  6 basilisks
  22 yaks
  A steam dragon (D:8)
  2 nagas (Lair:2)
  7 water moccasins
  4 ogres
  A sky beast (D:4)
  An ice beast (D:7)
  2 black bears
  10 wolves
  A centaur (D:7)
  A phantom (D:5)
  2 kobold brigands (D:7)
  11 bullfrogs
  A necrophage (D:8)
  A scorpion (D:6)
  A gnoll sergeant (D:7)
  5 wights (D:8)
  A hound (D:5)
  2 orc priests (D:8)
  3 iguanas
  6 orc wizards
  Robin (D:2)
  8 gnolls
  6 adders
  3 white imps
  An ufetubus (D:7)
  3 worms
  4 dart slugs
  21 orcs
  5 bats
  4 endoplasms (D:1)
  A giant cockroach (D:3)
  8 hobgoblins
  2 jackals (D:2)
  4 ball pythons
  3 frilled lizards
  12 goblins
  17 kobolds
  4 rats
233 creatures vanquished.

Vanquished Creatures (collateral kills)
  A rime drake (Lair:4)
1 creature vanquished.

Vanquished Creatures (others)
  9 fungi
  25 plants
34 creatures vanquished.

Grand Total: 268 creatures vanquished

Notes
Turn   | Place    | Note
-------+----------+-------------------------------------------
     0 | D:1      | qw the Minotaur Berserker began the quest for the Orb.
     0 | D:1      | Reached XP level 1. HP: 19/19 MP: 0/0
     0 | D:1      | 0 ||| qw: Version: 0.1-a-104-g96f76f8
     0 | D:1      | 0 ||| qw: Game counter: 5873
     0 | D:1      | 0 ||| qw: Always use a shield: true
     0 | D:1      | 0 ||| qw: Do Orc after D:15 true
     0 | D:1      | 0 ||| qw: Do second Lair branch before Depths: true
     0 | D:1      | 0 ||| qw: Lair rune preference: random
     0 | D:1      | 0 ||| qw: Plans: Normal
     0 | D:1      | 0 ||| PLANNING D:1-11
   207 | D:1      | Reached skill level 4 in Axes
   321 | D:1      | Reached XP level 2. HP: 26/26 MP: 1/1
   431 | D:1      | 431 ||| Stepping ~*~*~tactically~*~*~ (hiding).
   536 | D:1      | 536 ||| Stepping ~*~*~tactically~*~*~ (hiding).
   727 | D:1      | Reached skill level 5 in Axes
   921 | D:1      | Reached XP level 3. HP: 31/31 MP: 2/2
  1027 | D:1      | 1027 ||| UPGRADING to +0 leather armour.
  1037 | D:1      | 1037 ||| DROPPING +0 animal skin.
  1038 | D:1      | 1038 ||| UPGRADING to +0 cloak.
  1043 | D:1      | 1043 ||| UPGRADING to +0 ring mail.
  1053 | D:1      | 1053 ||| DROPPING +0 leather armour.
  1054 | D:1      | 1054 ||| READING scroll labelled TUTEFR WOIREIMM.
  1055 | D:1      | 1055 ||| READING scroll labelled CYTINORAHI.
  1168 | D:2      | Reached ** piety under Trog
  1191 | D:2      | 1191 ||| INVOKING Berserk.
  1238 | D:2      | Noticed Robin
  1239 | D:2      | 1239 ||| FLEEEEING.
  1463 | D:2      | Found a faded altar of an unknown god.
  1489 | D:2      | 1489 ||| Stepping ~*~*~tactically~*~*~ (hiding).
  1493 | D:2      | 1493 ||| INVOKING Berserk.
  1504 | D:2      | Reached skill level 6 in Axes
  1504 | D:2      | Reached XP level 4. HP: 39/39 MP: 3/3
  1655 | D:2      | 1655 ||| DROPPING +0 club.
  1883 | D:2      | 1883 ||| Stepping ~*~*~tactically~*~*~ (hiding).
  1893 | D:2      | 1893 ||| Stepping ~*~*~tactically~*~*~ (hiding).
  1899 | D:2      | 1899 ||| INVOKING Berserk.
  1902 | D:2      | Killed Robin
  2128 | D:2      | 2128 ||| UPGRADING to +0 chain mail.
  2138 | D:2      | 2138 ||| DROPPING +0 ring mail.
  2139 | D:2      | 2139 ||| READING scroll labelled WUASEFFUSK.
  2140 | D:2      | 2140 ||| READING scroll labelled ARAISU ZAGUCH.
  2278 | D:2      | 2278 ||| DRINKING 2 fuming cyan potions.
  2537 | D:3      | Reached XP level 5. HP: 45/45 MP: 4/4
  2573 | D:3      | Reached skill level 7 in Axes
  2958 | D:3      | 2958 ||| SWAPPING to +0 war axe.
  2959 | D:3      | 2959 ||| DROPPING +0 hand axe.
  3067 | D:3      | 3067 ||| READING scroll labelled EROMEF LIWUSIS.
  3068 | D:3      | 3068 ||| READING scroll labelled RYAKHU PEATH.
  3204 | D:4      | 3204 ||| Stepping ~*~*~tactically~*~*~ (stealth).
  3205 | D:4      | 3205 ||| Stepping ~*~*~tactically~*~*~ (stealth).
  3208 | D:4      | 3208 ||| INVOKING Berserk.
  3394 | D:4      | 3394 ||| READING scroll of enchant weapon.
  3394 | D:4      | 3394 ||| ENCHANTING +1 war axe.
  3420 | D:4      | 3420 ||| READING scroll of enchant weapon.
  3420 | D:4      | 3420 ||| ENCHANTING +2 war axe.
  3529 | D:4      | 3529 ||| Stepping ~*~*~tactically~*~*~ (hiding).
  3531 | D:4      | 3531 ||| Stepping ~*~*~tactically~*~*~ (hiding).
  3545 | D:4      | 3545 ||| FLEEEEING.
  3615 | D:4      | Noticed a sky beast
  3616 | D:4      | 3616 ||| Stepping ~*~*~tactically~*~*~ (stealth).
  3622 | D:4      | Noticed an ogre
  3623 | D:4      | 3623 ||| Stepping ~*~*~tactically~*~*~ (stealth).
  3624 | D:4      | 3624 ||| Stepping ~*~*~tactically~*~*~ (stealth).
  3625 | D:4      | 3625 ||| Stepping ~*~*~tactically~*~*~ (stealth).
  3626 | D:4      | Killed a sky beast
  3627 | D:4      | Reached skill level 8 in Axes
  3627 | D:4      | Reached XP level 6. HP: 33/52 MP: 5/5
  3627 | D:4      | 3627 ||| FLEEEEING.
  3667 | D:4      | 3667 ||| FLEEEEING.
  3669 | D:4      | 3669 ||| FLEEEEING.
  3670 | D:4      | 3670 ||| FLEEEEING.
  3671 | D:4      | 3671 ||| FLEEEEING.
  3672 | D:4      | 3672 ||| FLEEEEING.
  3673 | D:4      | 3673 ||| FLEEEEING.
  3674 | D:4      | 3674 ||| FLEEEEING.
  3675 | D:4      | 3675 ||| FLEEEEING.
  3676 | D:4      | 3676 ||| FLEEEEING.
  3677 | D:4      | 3677 ||| FLEEEEING.
  3679 | D:4      | 3679 ||| FLEEEEING.
  3680 | D:4      | 3680 ||| FLEEEEING.
  3683 | D:4      | 3683 ||| FLEEEEING.
  3684 | D:4      | 3684 ||| FLEEEEING.
  3690 | D:4      | 3690 ||| FLEEEEING.
  3691 | D:4      | 3691 ||| STAIRDANCE
  3813 | D:3      | 3813 ||| UPGRADING to +0 pair of boots.
  3818 | D:3      | 3818 ||| UPGRADING to ring of protection from cold.
  3819 | D:3      | 3819 ||| READING scroll labelled LYNGOX SISA.
  3822 | D:4      | 3822 ||| INVOKING Berserk.
  3828 | D:4      | Reached skill level 3 in Armour
  3828 | D:4      | 3828 ||| STAIRDANCE
  4102 | D:4      | 4102 ||| Stepping ~*~*~tactically~*~*~ (stealth).
  4104 | D:4      | 4104 ||| Stepping ~*~*~tactically~*~*~ (stealth).
  4316 | D:4      | 4316 ||| DROPPING scarf of shadows.
  4317 | D:4      | 4317 ||| READING 3 scrolls labelled IHAAMU MANGEC.
  4318 | D:4      | 4318 ||| DROPPING 2 scrolls of blinking.
  4355 | D:5      | Entered Level 5 of the Dungeon
  4383 | D:5      | Reached XP level 7. HP: 53/59 MP: 6/6
  4421 | D:5      | 4421 ||| INVOKING Berserk.
  4424 | D:5      | Reached skill level 9 in Axes
  4654 | D:5      | Found Weeghahu's Armour Shop.
  4658 | D:5      | 4658 ||| BUYING +0 pair of gloves (49 gold).
  4658 | D:5      | Bought a +0 pair of gloves for 49 gold pieces
  4658 | D:5      | 4658 ||| SHOPLISTING +1 plate armour of cold resistance
                  | (385 gold, have 249).
  4658 | D:5      | 4658 ||| BUYING +2 ring mail of poison resistance (198
                  | gold).
  4658 | D:5      | Bought a +2 ring mail of poison resistance for 198 gold
                  | pieces
  4658 | D:5      | 4658 ||| SHOPLISTING +4 buckler "Cirghyvu" {-Tele Will+++
                  | rCorr Slay-5} (408 gold, have 51).
  4687 | D:5      | 4687 ||| READING scroll of enchant armour.
  4687 | D:5      | 4687 ||| ENCHANTING +0 pair of boots.
  4752 | D:5      | 4752 ||| INVOKING Berserk.
  4876 | D:5      | Noticed a vampire mosquito
  4877 | D:5      | Noticed a two-headed ogre
  5006 | D:5      | Reached skill level 10 in Axes
  5243 | D:5      | 5243 ||| UPGRADING to +0 pair of gloves.
  5248 | D:5      | 5248 ||| UPGRADING to +2 ring mail of poison resistance.
  5258 | D:5      | 5258 ||| UPGRADING to +6 ring of intelligence.
  5259 | D:5      | 5259 ||| READING scroll labelled EGOLOI ZASKITEYG.
  5290 | D:6      | Found a staircase to the Ecumenical Temple.
  5306 | D:6      | 5306 ||| Stepping ~*~*~tactically~*~*~ (hiding).
  5307 | D:6      | 5307 ||| Stepping ~*~*~tactically~*~*~ (hiding).
  5313 | D:6      | 5313 ||| Stepping ~*~*~tactically~*~*~ (stealth).
  5445 | D:6      | Reached skill level 6 in Fighting
  5599 | D:6      | Found a runed translucent door.
  5600 | D:6      | Noticed Crazy Yiuf
  5675 | D:6      | 5675 ||| FLEEEEING.
  5681 | D:6      | 5681 ||| FLEEEEING.
  5685 | D:6      | 5685 ||| FLEEEEING.
  5689 | D:6      | 5689 ||| INVOKING Berserk.
  5692 | D:6      | Reached XP level 8. HP: 70/70 MP: 7/7
  5698 | D:6      | 5698 ||| FLEEEEING.
  5699 | D:6      | 5699 ||| FLEEEEING.
  5700 | D:6      | 5700 ||| FLEEEEING.
  5701 | D:6      | 5701 ||| FLEEEEING.
  5708 | D:6      | 5708 ||| STAIRDANCE
  5825 | D:5      | 5825 ||| READING scroll labelled CUPSUWN LONLOSM.
  5826 | D:5      | 5826 ||| READING scroll labelled AROIFF FAZUEZYOS.
  6351 | D:6      | 6351 ||| READING 3 scrolls of teleportation.
  6596 | D:7      | Reached skill level 11 in Axes
  6742 | D:7      | 6742 ||| Stepping ~*~*~tactically~*~*~ (stealth).
  6745 | D:7      | Reached *** piety under Trog
  6748 | D:7      | 6748 ||| Stepping ~*~*~tactically~*~*~ (stealth).
  6823 | D:7      | Found Cixtu's Antique Armour Shop.
  6829 | D:7      | 6829 ||| SHOPLISTING glowing cloak (195 gold, have 139).
  6829 | D:7      | 6829 ||| SHOPLISTING plate armour (598 gold, have 139).
  6829 | D:7      | 6829 ||| SHOPLISTING shiny kite shield (195 gold, have
                  | 139).
  7057 | D:7      | 7057 ||| INVOKING Berserk.
  7065 | D:7      | Reached skill level 12 in Axes
  7780 | D:8      | Reached skill level 3 in Dodging
  7853 | D:8      | 7853 ||| Stepping ~*~*~tactically~*~*~ (hiding).
  7855 | D:8      | 7855 ||| Stepping ~*~*~tactically~*~*~ (hiding).
  7857 | D:8      | 7857 ||| Stepping ~*~*~tactically~*~*~ (hiding).
  7859 | D:8      | 7859 ||| INVOKING Berserk.
  7863 | D:8      | Reached XP level 9. HP: 79/79 MP: 8/8
  7992 | D:8      | 7992 ||| Stepping ~*~*~tactically~*~*~ (stealth).
  7993 | D:8      | 7993 ||| Stepping ~*~*~tactically~*~*~ (stealth).
  7994 | D:8      | 7994 ||| Stepping ~*~*~tactically~*~*~ (stealth).
  8023 | D:8      | 8023 ||| FLEEEEING.
  8024 | D:8      | 8024 ||| FLEEEEING.
  8025 | D:8      | 8025 ||| FLEEEEING.
  8026 | D:8      | 8026 ||| FLEEEEING.
  8027 | D:8      | 8027 ||| FLEEEEING.
  8028 | D:8      | 8028 ||| FLEEEEING.
  8029 | D:8      | 8029 ||| FLEEEEING.
  8030 | D:8      | 8030 ||| FLEEEEING.
  8031 | D:8      | 8031 ||| FLEEEEING.
  8032 | D:8      | 8032 ||| FLEEEEING.
  8033 | D:8      | 8033 ||| FLEEEEING.
  8034 | D:8      | 8034 ||| FLEEEEING.
  8035 | D:8      | 8035 ||| FLEEEEING.
  8036 | D:8      | 8036 ||| FLEEEEING.
  8037 | D:8      | 8037 ||| FLEEEEING.
  8038 | D:8      | 8038 ||| FLEEEEING.
  8039 | D:8      | 8039 ||| FLEEEEING.
  8040 | D:8      | 8040 ||| STAIRDANCE
  8093 | D:8      | Reached skill level 13 in Axes
  8093 | D:8      | 8093 ||| STAIRDANCE
  8320 | D:8      | 8320 ||| Stepping ~*~*~tactically~*~*~ (stealth).
  8321 | D:8      | 8321 ||| Stepping ~*~*~tactically~*~*~ (stealth).
  8404 | D:8      | Reached skill level 14 in Axes
  8426 | D:8      | 8426 ||| Stepping ~*~*~tactically~*~*~ (stealth).
  8426 | D:8      | Found a staircase to the Lair.
  8427 | D:8      | 8427 ||| Stepping ~*~*~tactically~*~*~ (hiding).
  8429 | D:8      | 8429 ||| Stepping ~*~*~tactically~*~*~ (hiding).
  8439 | D:8      | 8439 ||| INVOKING Berserk.
  8449 | D:8      | Reached skill level 15 in Axes
  8468 | D:8      | 8468 ||| Stepping ~*~*~tactically~*~*~ (stealth).
  8469 | D:8      | 8469 ||| Stepping ~*~*~tactically~*~*~ (stealth).
  8470 | D:8      | 8470 ||| Stepping ~*~*~tactically~*~*~ (stealth).
  8476 | D:8      | HP: 14/81 [orc priest/divine providence (17)]
  8477 | D:8      | Reached XP level 10. HP: 16/88 MP: 9/9
  8477 | D:8      | 8477 ||| Stepping ~*~*~tactically~*~*~ (hiding).
  8478 | D:8      | 8478 ||| READING 2 scrolls of teleportation.
  8478 | D:8      | HP: 3/88 [orc priest/divine providence (13)]
  8479 | D:8      | 8479 ||| DRINKING 2 potions of heal wounds.
  8851 | D:8      | 8851 ||| Stepping ~*~*~tactically~*~*~ (hiding).
  9124 | D:8      | Noticed Grum
  9125 | D:8      | 9125 ||| Stepping ~*~*~tactically~*~*~ (stealth).
  9158 | D:8      | 9158 ||| INVOKING Berserk.
  9168 | D:8      | Killed Grum
  9291 | D:8      | 9291 ||| PLANNING LAIR
  9291 | D:8      | 9291 ||| UPGRADING to scarf of repulsion.
  9301 | D:8      | 9301 ||| DRINKING 2 white potions.
  9302 | D:8      | 9302 ||| DROPPING potion of degeneration.
  9362 | Lair:1   | Entered Level 1 of the Lair of Beasts
  9447 | Lair:1   | Found a frozen archway.
  9449 | Lair:1   | Noticed a cane toad
  9453 | Lair:1   | 9453 ||| INVOKING Berserk.
  9457 | Lair:1   | Killed a cane toad
  9458 | Lair:1   | Reached skill level 9 in Fighting
  9763 | Lair:1   | 9763 ||| Stepping ~*~*~tactically~*~*~ (stealth).
  9796 | Lair:1   | 9796 ||| Stepping ~*~*~tactically~*~*~ (stealth).
  9805 | Lair:1   | Noticed a catoblepas
  9807 | Lair:1   | 9807 ||| INVOKING Berserk.
  9815 | Lair:1   | Killed a catoblepas
  9816 | Lair:1   | Reached skill level 16 in Axes
 10197 | Lair:1   | 10197 ||| Stepping ~*~*~tactically~*~*~ (stealth).
 10198 | Lair:1   | 10198 ||| Stepping ~*~*~tactically~*~*~ (stealth).
 10200 | Lair:1   | 10200 ||| Stepping ~*~*~tactically~*~*~ (stealth).
 10204 | Lair:1   | 10204 ||| Stepping ~*~*~tactically~*~*~ (stealth).
 10205 | Lair:1   | 10205 ||| Stepping ~*~*~tactically~*~*~ (stealth).
 10207 | Lair:1   | 10207 ||| INVOKING Berserk.
 10356 | Lair:1   | 10356 ||| Stepping ~*~*~tactically~*~*~ (hiding).
 10365 | Lair:1   | Reached XP level 11. HP: 102/102 MP: 10/10
 10464 | Lair:1   | 10464 ||| Stepping ~*~*~tactically~*~*~ (stealth).
 10647 | Lair:1   | Noticed a six-headed hydra
 10651 | Lair:1   | 10651 ||| SWAPPING to +0 flail.
 10652 | Lair:1   | 10652 ||| INVOKING Berserk.
 10657 | Lair:1   | Killed a six-headed hydra
 10685 | Lair:1   | 10685 ||| SWAPPING to +3 war axe.
 10690 | Lair:1   | 10690 ||| INVOKING Berserk.
 10901 | Lair:1   | 10901 ||| UPGRADING to amulet of reflection.
 10906 | Lair:1   | 10906 ||| READING scroll labelled XAOMAU EMIDUSS.
 10907 | Lair:1   | 10907 ||| DRINKING 2 smoky green potions.
 10936 | Lair:1   | 10936 ||| READING 2 scrolls of identify.
 10936 | Lair:1   | 10936 ||| IDENTIFYING metallic white potion
 10937 | Lair:1   | 10937 ||| DROPPING potion of lignification.
 11031 | Lair:2   | Noticed a six-headed hydra
 11034 | Lair:2   | 11034 ||| SWAPPING to +0 flail.
 11036 | Lair:2   | 11036 ||| INVOKING Berserk.
 11041 | Lair:2   | Killed a six-headed hydra
 11042 | Lair:2   | Reached skill level 6 in Armour
 11141 | Lair:2   | 11141 ||| SWAPPING to +3 war axe.
 11225 | Lair:2   | Found a staircase to the Snake Pit.
 11318 | Lair:2   | 11318 ||| Stepping ~*~*~tactically~*~*~ (hiding).
 11319 | Lair:2   | 11319 ||| Stepping ~*~*~tactically~*~*~ (hiding).
 11322 | Lair:2   | 11322 ||| Stepping ~*~*~tactically~*~*~ (hiding).
 11323 | Lair:2   | 11323 ||| Stepping ~*~*~tactically~*~*~ (hiding).
 11325 | Lair:2   | 11325 ||| Stepping ~*~*~tactically~*~*~ (hiding).
 11326 | Lair:2   | 11326 ||| INVOKING Berserk.
 11568 | Lair:2   | 11568 ||| READING scroll of enchant weapon.
 11568 | Lair:2   | 11568 ||| ENCHANTING +3 war axe.
 11669 | Lair:2   | 11669 ||| INVOKING Berserk.
 11913 | Lair:2   | Noticed a lindwurm
 11914 | Lair:2   | 11914 ||| Stepping ~*~*~tactically~*~*~ (hiding).
 11919 | Lair:2   | 11919 ||| INVOKING Berserk.
 11923 | Lair:2   | Killed a lindwurm
 11924 | Lair:2   | Reached skill level 12 in Fighting
 12044 | Lair:2   | 12044 ||| READING scroll of enchant weapon.
 12044 | Lair:2   | 12044 ||| ENCHANTING +4 war axe.
 12197 | Lair:2   | 12197 ||| UPGRADING to +6 ring of strength.
 12199 | Lair:2   | 12199 ||| UPGRADING to ring of protection from cold.
 12201 | Lair:2   | 12201 ||| DROPPING +6 ring of intelligence.
 12202 | Lair:2   | 12202 ||| DRINKING 2 metallic cyan potions.
 12203 | Lair:2   | 12203 ||| READING 2 scrolls of identify.
 12203 | Lair:2   | 12203 ||| IDENTIFYING pink potion
 12204 | Lair:2   | 12204 ||| DROPPING potion of attraction.
 12243 | Lair:3   | Noticed a boulder beetle
 12247 | Lair:3   | 12247 ||| INVOKING Berserk.
 12252 | Lair:3   | Killed a boulder beetle
 12253 | Lair:3   | Reached skill level 6 in Dodging
 12270 | Lair:3   | Noticed Fannar
 12300 | Lair:3   | Killed Fannar
 12501 | Lair:3   | 12501 ||| FLEEEEING.
 12503 | Lair:3   | 12503 ||| FLEEEEING.
 12504 | Lair:3   | 12504 ||| FLEEEEING.
 12511 | Lair:3   | 12511 ||| STAIRDANCE
 12562 | Lair:2   | 12562 ||| DROPPING orb of light.
 12569 | Lair:3   | 12569 ||| Stepping ~*~*~tactically~*~*~ (stealth).
 12749 | Lair:3   | Reached skill level 3 in Throwing
 12939 | Lair:3   | Noticed a death yak
 12939 | Lair:3   | Noticed a death yak
 12939 | Lair:3   | Noticed a death yak
 12941 | Lair:3   | 12941 ||| Stepping ~*~*~tactically~*~*~ (stealth).
 12941 | Lair:3   | Noticed a death yak
 12942 | Lair:3   | 12942 ||| INVOKING Berserk.
 12947 | Lair:3   | Killed a death yak
 12956 | Lair:3   | Killed a death yak
 12959 | Lair:3   | Reached **** piety under Trog
 12961 | Lair:3   | Killed a death yak
 12962 | Lair:3   | Reached XP level 12. HP: 117/117 MP: 11/11
 12966 | Lair:3   | Killed a death yak
 12997 | Lair:3   | 12997 ||| Stepping ~*~*~tactically~*~*~ (stealth).
 13002 | Lair:3   | 13002 ||| Stepping ~*~*~tactically~*~*~ (stealth).
 13003 | Lair:3   | 13003 ||| Stepping ~*~*~tactically~*~*~ (stealth).
 13004 | Lair:3   | 13004 ||| Stepping ~*~*~tactically~*~*~ (stealth).
 13022 | Lair:3   | 13022 ||| INVOKING Berserk.
 13284 | Lair:3   | 13284 ||| INVOKING Berserk.
 13540 | Lair:3   | Found a staircase to the Shoals.
 13680 | Lair:3   | 13680 ||| UPGRADING to +0 tower shield.
 13685 | Lair:3   | 13685 ||| DRINKING 2 cyan potions.
 13686 | Lair:3   | 13686 ||| READING 2 scrolls of identify.
 13686 | Lair:3   | 13686 ||| IDENTIFYING purple potion
 13712 | Lair:4   | Reached skill level 1 in Shields
 13728 | Lair:4   | 13728 ||| Stepping ~*~*~tactically~*~*~ (hiding).
 13733 | Lair:4   | 13733 ||| INVOKING Berserk.
 13738 | Lair:4   | Reached skill level 3 in Shields
 13754 | Lair:4   | Noticed a seven-headed hydra
 13757 | Lair:4   | 13757 ||| INVOKING Brothers in Arms.
 13758 | Lair:4   | 13758 ||| INVOKING Brothers in Arms.
 13759 | Lair:4   | 13759 ||| INVOKING Brothers in Arms.
 13760 | Lair:4   | 13760 ||| INVOKING Brothers in Arms.
 13760 | Lair:4   | HP: 17/118 [fire crab (13)]
 13761 | Lair:4   | 13761 ||| READING 3 scrolls of teleportation.
 13761 | Lair:4   | HP: 1/118 [fire crab (12)]
 13761 | Lair:4   | Mangled by a blink frog

Levels and vault maps discovered:
D:1:      saegor_arrival_simple_e, layout_basic
D:2:      layout_rooms, shapermc_ecumenical_altar_notcrosses, feat_on_display,
          uniq_robin
D:3:      layout_loops_ring
D:4:      wander_river, layout_loops_ring, kennysheep_generic_room_6
D:5:      layout_basic, serial_shops, shop, lightli_corner_chamber
D:6:      hellmonk_crumbling_castle, layout_loops_corners,
          minmay_temple_entry_crystal_x, uniq_crazy_yiuf_cottage
D:7:      layout_basic, serial_shops, shop, dreamdust_mushroom_princess
D:8:      layout_gridville, minmay_lair_entry_grove, uniq_grum
Lair:1:   layout_small_grid, portal_ice_cave_entry_pillars_1, minivault_26
Lair:2:   layout_regular_city, minmay_snake_entry_guardpost_small,
          infiniplex_staircase_pool_2, grunt_megastairs_3
Lair:3:   layout_gridlike, elwin_shoals_entry_rooms,
          nicolae_lair_grove_arrangements, uniq_fannar
Lair:4:   layout_regular_city, slime_entry_2, grunt_megastairs_5

Skill      XL: |  1  2  3  4  5  6  7  8  9 10 11 12 |
---------------+-------------------------------------+-----
Axes           | 4 5 6 8 10 12 15 16 | 16.1
Fighting       | 4 6 7 8 11 14 | 14.4
Armour         | 3 4 5 7 |  7.1
Dodging        | 3 4 6 8 |  8.1
Throwing       | 3 |  3.2
Shields        | 5 |  5.0

Action                   |  1- 3 |  4- 6 |  7- 9 | 10-12 || total
-------------------------+-------+-------+-------+-------++-------
Melee: Hand axe          |    77 |    53 |       |       ||   130
       Headbutt          |    12 |    14 |    23 |    46 ||    95
       War axe           |       |    64 |   181 |   236 ||   481
       Punch             |       |       |     1 |     1 ||     2
       Flail             |       |       |       |    10 ||    10
Throw: Boomerang         |       |       |       |    28 ||    28
Invok: Berserk           |     2 |     3 |     6 |    15 ||    26
       Brothers in Arms  |       |       |       |     1 ||     1
  Use: Scroll            |     2 |     8 |     5 |     8 ||    23
       Potion            |       |     1 |       |     5 ||     6
Armor: Animal skin       |     4 |       |       |       ||     4
       Ring mail         |    13 |     8 |    60 |    76 ||   157
       Chain mail        |       |    37 |     6 |       ||    43
Dodge: Dodged            |    32 |    32 |    81 |    88 ||   233
Block: Other             |       |       |       |    15 ||    15
       Tower shield      |       |       |       |    33 ||    33

Table legend:
 A = Non-vault XP
 B = Vault XP
 C = Vault XP percentage of total XP
 D = Non-vault monster count
 E = Vault monster count
 F = Vault count percentage of total count
                 A         B        C        D         E       F
            +---------+---------+-------+---------+---------+-------
      Total |   24471 |    4227 |  14.7 |     202 |      32 |  13.7
            +---------+---------+-------+---------+---------+-------
        D:1 |      41 |       0 |   0.0 |      22 |       0 |   0.0
        D:2 |      98 |      31 |  24.0 |      14 |       9 |  39.1
        D:3 |      40 |       0 |   0.0 |      14 |       0 |   0.0
        D:4 |     422 |       9 |   2.1 |      19 |       3 |  13.6
        D:5 |     608 |       0 |   0.0 |       9 |       0 |   0.0
        D:6 |     352 |       0 |   0.0 |       9 |       0 |   0.0
        D:7 |     718 |       0 |   0.0 |      28 |       0 |   0.0
        D:8 |    1170 |    2546 |  68.5 |      14 |      16 |  53.3
     Lair:1 |    6429 |       0 |   0.0 |      24 |       0 |   0.0
     Lair:2 |    2402 |     332 |  12.1 |       5 |       2 |  28.6
     Lair:3 |    9681 |     876 |   8.3 |      32 |       1 |   3.0
     Lair:4 |    2510 |     433 |  14.7 |      12 |       1 |   7.7
            +---------+---------+-------+---------+---------+-------
